 Dungeon Crawl Stone Soup version 0.21-a0-414-gba8bdf1 (webtiles) character file.

8666 Irindil the Reanimator (level 11, -4/68 HPs)
             Began as a Mummy Necromancer on Nov 2, 2017.
             Was a High Priest of Sif Muna.
             Slain by a wolf (8 damage)
             ... led by Grum
             ... on level 10 of the Dungeon.
             The game lasted 01:25:36 (17765 turns).

Irindil the Reanimator (Mummy Necromancer)         Turns: 17765, Time: 01:25:37

Health: -4/68      AC:  4    Str: 11    XL:     11   Next: 12%
Magic:  25/25      EV: 11    Int: 21    God:    Sif Muna [*****.]
Gold:   582        SH:  0    Dex: 14    Spells: 22/30 levels left

rFire    + . .     SeeInvis .   l - +6 dagger (speed)
rCold    . . .     Gourm    .   (no shield)
rNeg     + + +     Faith    .   x - +0 leather armour of Dice, Bag, and Bottle {Regen+ Int+4}
rPois    ∞         Spirit   .   (no helmet)
rElec    .         Reflect  .   (no cloak)
rCorr    .         Harm     .   (no gloves)
MR       +....                  p - +0 pair of boots
Stlth    ++........             o - amulet of magic regeneration
HPRegen  0.61/turn              r - ring of protection from fire
MPRegen  0.44/turn              n - ring of fire

@: no status effects
A: no food or potions, fire vulnerability, cold resistance 1, negative energy
resistance 3, torment resistance, unbreathing
a: Divine Energy, Channel Magic, Forget Spell, Renounce Religion


You were on level 10 of the Dungeon.
You worshipped Sif Muna.
Sif Muna was extremely pleased with you.
You were not hungry.

You visited 3 branches of the dungeon, and saw 12 of its levels.

You collected 582 gold pieces.

Inventory:

Hand Weapons
 l - a +6 dagger of speed (weapon)
 v - a +2 flail of holy wrath
Missiles
 c - 30 sling bullets
Armour
 a - a +0 robe
 p - a +0 pair of boots (worn)
 x - the +0 leather armour of Dice, Bag, and Bottle (worn) {Regen+ Int+4}
   (You found it on level 8 of the Dungeon)

   It affects your intelligence (+4).
   It increases your rate of regeneration.
Jewellery
 j - an uncursed ring of positive energy
 n - a ring of fire (right hand)
 o - an amulet of magic regeneration (around neck)
 r - a ring of protection from fire (left hand)
 D - an uncursed amulet of faith {unknown}
Wands
 d - a wand of confusion (11/48)
 h - a wand of iceblast (4/15)
 k - a wand of lightning (4/15)
 t - a wand of flame (9/48)
 u - a wand of flame (48/48)
 w - a wand of disintegration (4/24)
 C - a wand of lightning (8/15)
Scrolls
 e - a scroll of immolation {unknown}
 f - 9 scrolls of identify
 g - 3 scrolls of teleportation
 i - 6 scrolls of remove curse
 m - a scroll of recharging
 s - 2 scrolls of magic mapping
 z - a scroll of fear
 A - a scroll of blinking {unknown}
 E - a scroll of fog {unknown}
Books
 b - a book of Necromancy

   Spells                             Type                      Level
   a - Pain                           Necromancy                   1
   b - Animate Skeleton               Necromancy                   1
   c - Vampiric Draining              Necromancy                   3
   d - Regeneration                   Charms/Necromancy            3
   e - Animate Dead                   Necromancy                   4
   f - Control Undead                 Necromancy                   4
 q - a book of Cantrips

   Spells                             Type                      Level
   a - Confusing Touch                Hexes                        1
   b - Animate Skeleton               Necromancy                   1
   c - Summon Small Mammal            Summoning                    1
   d - Apportation                    Translocation                1
 y - Sif Muna's Catalogue of the Ashen Traveller
   (Sif Muna gifted it to you on level 9 of the Dungeon)

   Spells                             Type                      Level
   a - Shroud of Golubria             Charms/Translocation         2
   b - Passwall                       Transmutation/Earth          2
   c - Iron Shot                      Conjuration/Earth            6
   d - Controlled Blink               Translocation                8
Miscellaneous
 B - a phantom mirror


   Skills:
 * Level 5.4 Short Blades
 - Level 1.5 Dodging
 - Level 1.5 Stealth
 - Level 10.3 Spellcasting
 + Level 13.7 Necromancy


You had 22 spell levels left.
You knew the following spells:

 Your Spells              Type           Power        Failure   Level  Hunger
a - Pain                  Necr           ####         1%          1    N/A
b - Vampiric Draining     Necr           ######....   1%          3    N/A
c - Control Undead        Necr           ######....   1%          4    N/A

Dungeon Overview and Level Annotations

Branches:
Dungeon (10/15)            Temple (1/1) D:4            Lair (0/6) D:10
    Orc (1/2) D:9

Altars:
Ashenzari
Cheibriados
Dithmenos
Elyvilon
Fedhas
Gozag
Hepliaklqana
Kikubaaqudgha
Makhleb
Nemelex Xobeh
Okawaru
Qazlal
Ru
Sif Muna
Trog
Uskayaw
Vehumet
Wu Jian
Xom
Yredelemnul
Zin
The Shining One

Shops:
D:7 :[(!*   D:8 [   D:9 ((

Annotations:
D:7 Ijustatesigmund's ghost, novice HOFi
D:10 Grum


Innate Abilities, Weirdness & Mutations

You do not eat or drink.
Your flesh is vulnerable to fire.
You are immune to poison.
Your flesh is cold resistant. (rC+)
You are immune to negative energy. (rN+++)
You are immune to unholy pain and torment.
You can survive without breathing.


Message History

The wolf closely misses you. The wolf bites you but does no damage.
The wolf bites you.
* * * LOW HITPOINT WARNING * * *
The wolf bites you but does no damage. The wolf misses you.
The wolf barely misses you. The wolf bites you!
* * * LOW HITPOINT WARNING * * *
The wolf closely misses you. The wolf bites you.
* * * LOW HITPOINT WARNING * * *
The wolf bites you.
* * * LOW HITPOINT WARNING * * *
The wolf closely misses you. The wolf bites you but does no damage.
There is a stone staircase leading up here.
You see here a stone.
The wolf barely misses you. x2; The wolf bites you!
You die...

#.#.# #.# #.# #.#.# #.#
#.# #.. #.#.# #.#
##.###.. #######.#.###.#
#.......
#.......(.....####..# ..
#.#####..9#..h......# .
#.# #...#.#######.# # #.#
##.hh#.# ####.##### #.#
#..@(#.# #.......h. #.#
#......# #.#..##### #.#
#)#.##.# #....# # #.#
#.#(##.#######.# # #.#
#.#.##.....###[# #
#.####(#.##....(....#####
#......<(.(..............
######(.......[..........
#.####.....#########


You could see a gargoyle and 2 wolves.

Vanquished Creatures
  Pikel (D:6)
  A cyclops (D:9)
  Psyche (D:10)
  A kobold demonologist (D:8)
  Grinder (D:5)
  A hornet (D:10)
  Sigmund (D:4)
  5 yaks
  A hungry ghost (D:10)
  A water moccasin (D:9)
  4 orc warriors
  A sky beast (D:7)
  2 black bears
  4 ice beasts
  A phantom (D:7)
  A necrophage (D:9)
  2 slaves (D:7)
  4 ogres
  5 centaurs
  2 wolves (D:10)
  A crocodile (D:8)
  8 big kobolds
  A gnoll sergeant (D:9)
  9 bullfrogs
  6 elf skeletons (D:6)
  6 killer bees
  2 howler monkeys
  2 centaur zombies
  3 bullfrog zombies
  3 crimson imps
  3 quasits
  5 hounds
  2 centaur skeletons
  A human zombie (D:6)
  3 jellies
  6 orc priests
  2 bullfrog skeletons
  3 human skeletons (D:6)
  An iguana (D:9)
  7 orc wizards
  5 worker ants
  3 hound skeletons
  A howler monkey skeleton (D:6)
  14 adders
  8 gnolls
  4 shadow imps
  An ooze (D:3)
  An adder skeleton (D:5)
  A worm (D:3)
  3 dart slugs
  A leopard gecko (D:7)
  38 orcs
  4 bats
  2 giant cockroaches
  7 goblins
  6 hobgoblins
  17 jackals
  22 kobolds
  5 quokkas
  3 ball pythons
  A frilled lizard (D:5)
  A jackal skeleton (D:6)
  An orc skeleton (D:6)
  A quokka skeleton (D:5)
  5 rats
269 creatures vanquished.

Vanquished Creatures (collateral kills)
  A hound (D:5)
  2 orcs (D:5)
3 creatures vanquished.

Vanquished Creatures (others)
  3 plants (D:2)
3 creatures vanquished.

Grand Total: 275 creatures vanquished

Notes
Turn   | Place    | Note
-------+----------+-------------------------------------------
     0 | D:1      | Irindil the Mummy Necromancer began the quest for the Orb.
     0 | D:1      | Reached XP level 1. HP: 13/13 MP: 4/4
   236 | D:1      | Reached XP level 2. HP: 19/19 MP: 0/5
  1217 | D:2      | Reached XP level 3. HP: 18/24 MP: 0/7
  1587 | D:1      | Reached skill level 5 in Necromancy
  1587 | D:1      | Reached XP level 4. HP: 21/30 MP: 6/10
  1927 | D:2      | Noticed Sigmund
  2135 | D:2      | Found a stormy altar of Qazlal.
  2630 | D:2      | Learned a level 3 spell: Vampiric Draining
  2640 | D:2      | Found a faded altar of an unknown god.
  2769 | D:3      | Reached XP level 5. HP: 35/35 MP: 3/12
  3353 | D:3      | Found a shadowy altar of Dithmenos.
  3353 | D:3      | Found a hazy altar of Hepliaklqana.
  3763 | D:4      | Reached skill level 5 in Spellcasting
  4097 | D:4      | Noticed an ogre
  4279 | D:4      | Found a sacrificial altar of Ru.
  4462 | D:4      | Found a bloodstained altar of Trog.
  4491 | D:4      | Found a staircase to the Ecumenical Temple.
  4504 | Temple   | Entered the Ecumenical Temple
  4925 | Temple   | Became a worshipper of Sif Muna the Loreminder
  5067 | D:4      | Killed Sigmund
  5067 | D:4      | Reached skill level 6 in Necromancy
  5067 | D:4      | Reached XP level 6. HP: 30/41 MP: 4/15
  5504 | D:4      | Reached XP level 7. HP: 46/46 MP: 12/17
  5540 | D:4      | Learned a level 4 spell: Control Undead
  5656 | D:4      | Found an ancient bone altar of Kikubaaqudgha.
  5727 | D:4      | Reached * piety under Sif Muna
  5874 | D:5      | Entered Level 5 of the Dungeon
  5908 | D:5      | Found a burning altar of Makhleb.
  5908 | D:5      | Found a sparkling altar of Nemelex Xobeh.
  5909 | D:5      | Found an opulent altar of Gozag.
  6222 | D:5      | Reached skill level 7 in Necromancy
  6291 | D:5      | Reached skill level 1 in Short Blades
  6669 | D:5      | Noticed Grinder
  6725 | D:5      | Paralysed by Grinder for 5 turns
  6733 | D:5      | Killed Grinder
  6733 | D:5      | Reached XP level 8. HP: 6/52 MP: 20/20
  7014 | D:5      | Found an opulent altar of Gozag.
  7467 | D:6      | Reached ** piety under Sif Muna
  7467 | D:6      | Reached skill level 8 in Necromancy
  8563 | D:6      | Reached skill level 10 in Spellcasting
  8867 | D:6      | Reached XP level 9. HP: 34/57 MP: 23/23
  9396 | D:6      | Reached skill level 9 in Necromancy
 10086 | D:7      | Reached *** piety under Sif Muna
 10689 | D:7      | Found Houst's Antique Weapon Emporium.
 10719 | D:7      | Noticed Ijustatesigmund's ghost (novice HOFi)
 10740 | D:7      | Found a glowing silver altar of Zin.
 10835 | D:7      | Found Cereihec's Book Boutique.
 10854 | D:7      | Found Fuil's Armour Shop.
 11513 | D:7      | Found Cuavufra's General Store.
 11583 | D:7      | Reached skill level 10 in Necromancy
 11891 | D:7      | Found Uhepiq's Distillery.
 12479 | D:7      | Noticed Pikel
 12516 | D:6      | Killed Pikel
 12605 | D:7      | Found a radiant altar of Vehumet.
 13054 | D:7      | Reached skill level 11 in Necromancy
 13862 | D:8      | Reached XP level 10. HP: 63/63 MP: 19/24
 13918 | D:8      | Got a brightly glowing leather armour
 14442 | D:8      | Found Foejahen's Armour Shop.
 14470 | D:7      | Identified the +0 leather armour of Dice, Bag, and Bottle {Regen+ Int+4} (You found it on level 8 of the Dungeon)
 14568 | D:8      | Reached **** piety under Sif Muna
 15372 | D:9      | Reached skill level 12 in Necromancy
 15458 | D:9      | Found a staircase to the Orcish Mines.
 15641 | D:9      | Noticed a cyclops
 15678 | D:9      | Killed a cyclops
 15901 | D:9      | Found a glowing silver altar of Zin.
 15920 | D:9      | Found Ygroemoq's Weapon Boutique.
 15964 | D:9      | Reached skill level 5 in Short Blades
 16139 | D:9      | Found Suapsex's Weapon Shoppe.
 16449 | D:9      | Reached skill level 13 in Necromancy
 16454 | D:9      | Reached ***** piety under Sif Muna
 16454 | D:9      | Identified Sif Muna's Catalogue of the Ashen Traveller (Sif Muna gifted it to you on level 9 of the Dungeon)
 16454 | D:9      | Received a gift from Sif Muna
 16699 | Orc:1    | Entered Level 1 of the Orcish Mines
 16734 | D:10     | Entered Level 10 of the Dungeon
 16830 | D:10     | Noticed Psyche
 16925 | D:10     | Noticed a gargoyle
 17013 | D:10     | Killed Psyche
 17013 | D:10     | Reached XP level 11. HP: 50/68 MP: 10/25
 17308 | D:10     | Noticed a two-headed ogre
 17392 | D:10     | Found a staircase to the Lair.
 17726 | D:10     | Noticed Grum
 17760 | D:10     | HP: 1/68 [wolf[Grum] (6)]
 17765 | D:10     | Slain by a wolf

Vault maps used:
D:1:      lemuel_arrival_broad_hall
D:2:      lemuel_round_altar, chequers_ecumenical_altar_lobes, first_bread,
          uniq_sigmund
D:3:      amethyst_overflow_temple_binary
D:4:      kennysheep_mini, minitemple, minmay_temple_entry_nine_rooms
D:5:      grunt_temple_overflow_open,
          nicolae_gozag_cash_rules_everything_around_me, uniq_grinder
D:6:      nicolae_ossuary_entry_catacombs
D:7:      vehumet_altar_wand_db, nicolae_overflow_crystal_walls, serial_shops,
          nicolae_shop_waterfront, nicolae_shop_statue_plus, shop, shop,
          nicolae_shop_temple_entry_statues_fountains, uniq_pikel
D:8:      special_room, serial_shops, nicolae_shop_trees
D:9:      orc_david_3, serial_shops, nicolae_shop_crystal, blue_anna_alchemist,
          hangedman_decor_points, minmay_ruined_shrine
D:10:     lair_entry_dummy, uniq_psyche, uniq_grum
Temple:   minmay_temple_curvy_loop
Orc:1:    nicolae_orc_lava_room

Skill      XL: |  1  2  3  4  5  6  7  8  9 10 |
---------------+-------------------------------+-----
Spellcasting   | 3 4 6 8 10 | 10.3
Necromancy     | 5 6 7 8 11 13 | 13.7
Short Blades   | 1 2 4 5 |  5.4
Dodging        | |  1.5
Stealth        | |  1.5

Action                   |  1- 3 |  4- 6 |  7- 9 | 10-12 || total
-------------------------+-------+-------+-------+-------++-------
Melee: Unarmed           |     1 |     3 |       |       ||     4
       Dagger            |       |    11 |   406 |   122 ||   539
 Cast: Pain              |    55 |   149 |   205 |   270 ||   679
       Vampiric Draining |       |     5 |    70 |    79 ||   154
       Control Undead    |       |       |     5 |       ||     5
  Use: Scroll            |       |       |       |    10 ||    10
 Stab: Sleeping          |       |       |     1 |     1 ||     2
Armor: Robe              |     3 |     7 |    50 |     3 ||    63
       Leather armour    |       |       |       |    64 ||    64
Dodge: Dodged            |     9 |    36 |   232 |   184 ||   461

Table legend:
 A = Spawn XP
 B = Non-spawn XP
 C = Spawn XP percentage of total XP
 D = Spawn monster count
 E = Non-spawn monster count
 F = Spawn count percentage of total count
 G = Total turns spent on level
                    A         B        C        D         E        F      G
               +---------+---------+-------+---------+---------+-------+---------
         Total |       0 |   12381 |   0.0 |       0 |     268 |   0.0 | 17765
               +---------+---------+-------+---------+---------+-------+---------
           D:1 |       0 |      53 |   0.0 |       0 |      17 |   0.0 |  1451
           D:2 |       0 |     137 |   0.0 |       0 |      23 |   0.0 |  1261
           D:3 |       0 |      30 |   0.0 |       0 |      14 |   0.0 |  1061
           D:4 |       0 |     672 |   0.0 |       0 |      28 |   0.0 |  1650
           D:5 |       0 |     876 |   0.0 |       0 |      23 |   0.0 |  1798
           D:6 |       0 |    2711 |   0.0 |       0 |      45 |   0.0 |  4654
           D:7 |       0 |     888 |   0.0 |       0 |      21 |   0.0 |  1666
           D:8 |       0 |    1949 |   0.0 |       0 |      33 |   0.0 |  1552
           D:9 |       0 |    3225 |   0.0 |       0 |      39 |   0.0 |  1400
          D:10 |       0 |    1793 |   0.0 |       0 |      23 |   0.0 |   812
         Orc:1 |       0 |      47 |   0.0 |       0 |       2 |   0.0 |     9
               +---------+---------+-------+---------+---------+-------+---------
